 Dungeon Crawl Stone Soup version 0.29-a0-284-gf9362112df (webtiles) character file.

Game seed: 12915785379603120651

231 yunder69 the Poker (level 5, -13/46 HPs)
             Began as a Minotaur Berserker on Mar 26, 2022.
             Was a Believer of Trog.
             Mangled by an ogre
             ... wielding a +7 dire flail
              (16 damage)
             ... on level 3 of the Dungeon.
             The game lasted 00:13:25 (4621 turns).

yunder69 the Poker (Minotaur Berserker)             Turns: 4621, Time: 00:13:25

Health: -13/46     AC:  6    Str: 22    XL:     5   Next: 73%
Magic:  4/4        EV: 11    Int:  6    God:    Trog [**....]
Gold:   190        SH:  8    Dex:  9    Spells: 4/4 levels left

rFire   . . .      SeeInvis .   B - +1 spear (vorpal)
rCold   . . .      Faith    .   w - +0 buckler
rNeg    . . .      Spirit   .   v - +0 steam dragon scales
rPois   .          Reflect  +   (helmet restricted)
rElec   .          Harm     .   (no cloak)
rCorr   .          Rampage  .   j - +0 pair of gloves
Will    ++...                   (no boots)
Stlth   +.........              i - amulet of reflection
HPRegen 1.15/turn               (no ring)
MPRegen 0.09/turn               (no ring)

@: strong-willed, on berserk cooldown, regenerating, slowed, very slow
A: horns 2, retaliatory headbutt
a: Renounce Religion, Berserk, Trog's Hand


You were on level 3 of the Dungeon.
You worshipped Trog.
Trog was pleased with you.
You visited 1 branch of the dungeon, and saw 3 of its levels.

You collected 190 gold pieces.

Inventory:

Hand Weapons
 d - a +0 hunting sling
 B - a +1 vorpal spear (weapon)
Missiles
 a - 2 throwing nets
 m - 6 boomerangs (quivered)
Armour
 j - a +0 pair of gloves (worn)
 p - the +1 leather armour of Hicu {rElec rPois}
   (You found it on level 2 of the Dungeon)

   rElec:     It insulates you from electricity.
   rPois:     It protects you from poison.
 v - +0 steam dragon scales (worn)
 w - a +0 buckler (worn)
Jewellery
 c - an amulet of magic regeneration
 h - an amulet of the acrobat
 i - an amulet of reflection (around neck)
Wands
 y - a wand of flame (22)
Scrolls
 e - 2 scrolls of immolation {unknown}
 f - a scroll of noise {unknown}
 k - a scroll of amnesia {unknown}
 o - a scroll of summoning {unknown}
 q - 2 scrolls of identify
 s - a scroll of enchant armour {unknown}
 x - 2 scrolls of fog {unknown}
Potions
 b - a potion of resistance {unknown}
 g - a potion of invisibility {unknown}
 n - 3 potions of berserk rage
 r - a potion of ambrosia {unknown}
 t - a potion of might {unknown}
 u - a potion of curing {unknown}
 z - a potion of lignification {unknown}
 A - a potion of attraction {unknown}


   Skills:
 - Level 4.2 Fighting
 + Level 6.4 Polearms
 - Level 3.2 Armour
 - Level 2.9 Dodging
 * Level 2.1 Shields


You had 4 spell levels left.
You didn't know any spells.
Your spell library was empty.

Dungeon Overview and Level Annotations

Branches:
Dungeon (3/15)

Altars:
Sif Muna

Annotations:
D:3 NinjaNoafa's ghost, weakling MiFi


Innate Abilities, Weirdness & Mutations

You have a pair of horns on your head.
You reflexively headbutt those who attack you in melee.


Message History

You are no longer berserk.
You are exhausted.
You feel yourself slow down.
Reach: B) +1 spear (vorpal)
Press: ? - help, Dir - move target, f - NinjaNoafa's ghost
Aim: NinjaNoafa's ghost (about 32% to evade your +1 vorpal spear)
You reach to attack!
You hit NinjaNoafa's ghost but do no damage.
You're still recovering from your berserk rage.
NinjaNoafa's ghost hits you!
NinjaNoafa's ghost attacks as you move away!
NinjaNoafa's ghost hits you but does no damage. x2
NinjaNoafa's ghost closely misses you. You furiously retaliate!
You headbutt NinjaNoafa's ghost, but do no damage.
There is a transporter here.
You barely miss NinjaNoafa's ghost. NinjaNoafa's ghost closely misses you.
You hit NinjaNoafa's ghost. You headbutt NinjaNoafa's ghost.
NinjaNoafa's ghost is heavily damaged.
You block NinjaNoafa's ghost's attack. The ogre closely misses you.
The ogre hits you with a +7 dire flail!
You hit NinjaNoafa's ghost.
NinjaNoafa's ghost is heavily damaged.
NinjaNoafa's ghost screams, "You must not fail where I succeeded!"
NinjaNoafa's ghost hits you!
You hit NinjaNoafa's ghost.
NinjaNoafa's ghost is severely damaged.
You block the ogre's attack. The ogre misses you.
NinjaNoafa's ghost closely misses you.
You hit NinjaNoafa's ghost but do no damage.
NinjaNoafa's ghost is severely damaged.
You block NinjaNoafa's ghost's attack.
The ogre hits you with a +0 giant spiked club!!
Ouch! That really hurt!
* * * LOW HITPOINT WARNING * * *
The ogre closely misses you. You furiously retaliate!
You headbutt the ogre!
You enter the transporter and appear at another place.
You block NinjaNoafa's ghost's attack. The ogre closely misses you.
You furiously retaliate!
You headbutt the ogre! The ogre hits you with a +7 dire flail!
You die...

...............................<.
..................####.###.......
##.#####..........####.# #.#.....
##.....................###.#####.
..>..............................
###....................###.####..
# ######...............#....# #..
########.......O.O..........####.
##....##......©W@.....##.........
##....##.###############.........
##....##.#....?(....§###.........
.#....####..##...##..###........#
.#....# #.#..#.#..#.#.#####....#
.#....####.#..#.#..#.#.# #.....
.........#..##...##..#.# #.....
##....##.#.....©.....#.# #.....
#....##.#############.########..


You could see 2 ogres and NinjaNoafa's ghost.

Vanquished Creatures
  Natasha (twice) (D:2)
  Robin (D:3)
  3 gnolls (D:3)
  4 adders
  A white imp (D:3)
  A worm (D:2)
  2 dart slugs (D:1)
  7 ball pythons
  4 bats
  7 endoplasms
  2 giant cockroaches
  17 hobgoblins
  4 jackals (D:1)
  3 quokkas
  5 frilled lizards
  11 goblins
  4 kobolds
  13 rats
91 creatures vanquished.

Notes
Turn   | Place    | Note
-------+----------+-------------------------------------------
     0 | D:1      | yunder69 the Minotaur Berserker began the quest for the
                  | Orb.
     0 | D:1      | Reached XP level 1. HP: 19/19 MP: 0/0
    98 | D:1      | Reached XP level 2. HP: 12/27 MP: 1/1
   639 | D:1      | Reached skill level 4 in Polearms
   787 | D:1      | Reached XP level 3. HP: 31/33 MP: 2/2
   961 | D:1      | Reached ** piety under Trog
  1850 | D:2      | Reached XP level 4. HP: 24/40 MP: 3/3
  2003 | D:2      | Identified the +1 leather armour of Hicu {rElec rPois}
  2155 | D:2      | Noticed Natasha
  2162 | D:2      | Killed Natasha
  2163 | D:2      | Reached skill level 5 in Polearms
  2631 | D:2      | Noticed Natasha
  2640 | D:2      | Killed Natasha
  2641 | D:2      | Reached XP level 5. HP: 17/46 MP: 4/4
  2908 | D:2      | Reached skill level 6 in Polearms
  3214 | D:3      | Noticed Robin
  3223 | D:3      | Killed Robin
  3224 | D:3      | Reached skill level 1 in Shields
  3471 | D:3      | Found a transporter.
  3471 | D:3      | Found a transporter.
  3472 | D:3      | Noticed NinjaNoafa's ghost (weakling MiFi)
  3475 | D:3      | Noticed an ogre
  3480 | D:3      | Noticed an ogre
  4388 | D:3      | Found a shimmering blue altar of Sif Muna.
  4620 | D:3      | HP: 1/46 [ogre/+0 giant spiked club (27)]
  4621 | D:3      | Mangled by an ogre

Illustrated notes

Levels and vault maps discovered:
D:1:      dpeg_arrival_oval, layout_loops_corners, st_stairs_9,
          minmay_rat_gold_closets
D:2:      layout_loops_corners, ebering_dispersal_statue_hall, uniq_natasha
D:3:      layout_basic, nicolae_overflow_hidden_temple, gammafunk_ghost_smash,
          uniq_robin

Skill      XL: |  1  2  3  4  5 |
---------------+----------------+-----
Fighting       | 4 |  4.2
Polearms       | 4 5 6 |  6.4
Armour         | 3 |  3.2
Shields        | 2 |  2.1
Dodging        | |  2.9

Action                   |  1- 3 |  4- 6 || total
-------------------------+-------+-------++-------
Melee: Long sword        |    97 |   102 ||   199
       Headbutt          |    13 |    18 ||    31
       Spear             |       |    15 ||    15
Invok: Berserk           |     1 |     4 ||     5
       Trog's Hand       |     1 |     4 ||     5
  Use: Scroll            |       |     1 ||     1
 Stab: Sleeping          |     1 |       ||     1
Armor: Animal skin       |    15 |       ||    15
       Leather armour    |       |     9 ||     9
       Steam dragon scal |       |    17 ||    17
Dodge: Dodged            |    76 |    66 ||   142
Block: Other             |     2 |    18 ||    20
       Buckler           |       |    27 ||    27

Table legend: (Time is in decaauts)
 A = Elapsed time spent in this place.
 B = Non-inter-level travel time spent in this place.
 C = Inter-level travel time spent in this place.
 D = Time resting spent in this place.
 E = Time spent auto-exploring this place.
 F = Levels seen in this place.
 G = Mean time per level.
                   A        B        C        D        E       F      G
               +--------+--------+--------+--------+--------+-----+--------+
         Total |   4737 |   3893 |    844 |    992 |   2201 |   3 | 1579.0 |
       Dungeon |   4737 |   3893 |    844 |    992 |   2201 |   3 | 1579.0 |
               +--------+--------+--------+--------+--------+-----+--------+

Top non-repeatable levels by time:
     D:3: 1650 daAuts
     D:1: 1642 daAuts
     D:2: 1444 daAuts
